 Dungeon Crawl Stone Soup version 0.25.0-9-g26727b6 (webtiles) character file.

Game seed: 3513599251913580386

661 tboon the Cudgeler (level 7, -9/44 HPs)
             Began as a Gargoyle Fighter on June 19, 2020.
             Killed by divine providence
             ... invoked by an orc priest
              (12 damage)
             ... on level 4 of the Dungeon.
             The game lasted 00:12:21 (3884 turns).

tboon the Cudgeler (Gargoyle Fighter)               Turns: 3884, Time: 00:12:21

Health: -9/44      AC: 12    Str: 20    XL:     7   Next: 56%
Magic:  7/7        EV:  7    Int:  8    God:
Gold:   316        SH: 10    Dex: 11    Spells: 6/6 levels left

rFire    . . .     SeeInvis .   a - +0 flail
rCold    . . .     Gourm    .   c - +0 kite shield
rNeg     + + .     Faith    .   b - +0 scale mail
rPois    ∞         Spirit   .   (no helmet)
rElec    +         Reflect  .   (no cloak)
rCorr    .         Harm     .   (no gloves)
MR       .....                  (no boots)
Stlth    ..........             (no amulet)
HPRegen  0.14/turn              v - ring of positive energy {rN+}
MPRegen  0.10/turn              (no ring)

@: no status effects
A: negative energy resistance 1, electricity resistance, unbreathing,
petrification resistance, rot immunity, AC +4
a: no special abilities


You were on level 4 of the Dungeon.
You were not hungry.

You visited 2 branches of the dungeon, and saw 5 of its levels.

You collected 316 gold pieces.

Inventory:

Hand Weapons
 a - a +0 flail (weapon)
Missiles
 p - 17 poisoned darts
Armour
 b - a +0 scale mail (worn)
 c - a +0 kite shield (worn)
 t - a cursed +0 pair of gloves
   (You found it on level 3 of the Dungeon)
Jewellery
 v - a ring of positive energy (left hand) {rN+}
   (You found it on level 4 of the Dungeon)
Scrolls
 e - a scroll of enchant weapon {unknown}
 h - 2 scrolls of fog {unknown}
 i - 2 scrolls of enchant armour {unknown}
 j - 5 scrolls of identify
 k - 2 scrolls of magic mapping {!r}
 l - 4 scrolls of teleportation
 m - 4 scrolls of remove curse
 n - 3 scrolls of immolation {unknown}
 o - a scroll of random uselessness {unknown}
 q - 2 scrolls of amnesia {unknown}
Potions
 d - a potion of heal wounds {unknown}
 g - a potion of lignification {unknown}
 r - a potion of curing {unknown}
 s - a potion of mutation {unknown}
 u - a potion of invisibility {unknown}
Comestibles
 f - 10 rations
 w - a chunk of flesh


   Skills:
 + Level 5.0 Fighting
 * Level 5.4 Maces & Flails
 + Level 5.0 Armour
 + Level 5.1 Shields


You had 6 spell levels left.
You didn't know any spells.
Your spell library was empty.

Dungeon Overview and Level Annotations

Branches:
Dungeon (4/15)             Temple (1/1) D:4

Altars:
Cheibriados
Elyvilon
Fedhas
Gozag
Hepliaklqana
Kikubaaqudgha
Makhleb
Ru
Sif Muna
Trog
Uskayaw
Vehumet
Wu Jian
Xom
Yredelemnul
Zin
The Shining One


Innate Abilities, Weirdness & Mutations

You are resistant to torment.
Your stone body is resilient. (AC +4)
You are immune to poison.
You resist negative energy. (rN+)
You are resistant to electric shocks. (rElec)
You can survive without breathing.
You are immune to petrification.
You are immune to rotting.


Message History

An orc priest comes into view.
You start waiting.
The orc is too close now for your liking.
Your shield prevents you from hitting the orc.
The orc hits you but does no damage.
You hit the orc.
The orc is heavily wounded.
The orc hits you but does no damage. You block the orc's attack.
Your shield and scale mail prevent you from hitting the orc.
The orc is heavily wounded.
The orc hits you but does no damage.
You closely miss the orc.
The orc is heavily wounded.
The orc hits you but does no damage.
You hit the orc.
The orc is almost dead.
You block the orc's attack.
You barely miss the orc.
The orc is almost dead.
The orc hits you but does no damage.
You hit the orc.
You kill the orc!
Things that are here:
a cursed -3 whip; a +0 leather armour An orc comes into view.
It is wielding a +0 club.
An orc priest comes into view. It is wielding a +0 short sword.
The orc hits you but does no damage.
You hit the orc but do no damage.
The orc priest shouts!
You block the orc's attack.
The orc priest looks braver for a moment.
The orc hits you but does no damage.
The orc priest looks satisfied for a moment.
The orc hits you but does no damage.
You sock the orc!
You kill the orc!
Things that are here:
a +0 club; an orc corpse The orc priest hits you but does no damage.
You hit the orc priest but do no damage.
The orc priest hits you but does no damage.
The orc priest mumbles some strange prayers to Beogh against you.
Beogh smites you!
The orc priest hits you but does no damage.
You hit the orc priest but do no damage.
The orc priest looks encouraged for a moment.
The orc priest calls down the wrath of Beogh upon you.
Beogh smites you! You block the orc priest's attack.
The orc priest hits you but does no damage.
You barely miss the orc priest.
The orc priest hits you but does no damage.
The orc priest closely misses you.
You hit the orc priest.
The orc priest is lightly wounded.
The orc priest hits you but does no damage. x2
You hit the orc priest.
The orc priest is moderately wounded.
The orc priest hits you but does no damage.
The orc priest closely misses you.
The orc priest hits you but does no damage.
You hit the orc priest but do no damage.
The orc priest is moderately wounded.
The orc priest hits you but does no damage. x2
The orc priest miscasts a cantrip.
Your shield and scale mail prevent you from hitting the orc priest.
The orc priest is moderately wounded.
The orc priest hits you but does no damage.
The orc priest barely misses you.
Your shield and scale mail prevent you from hitting the orc priest.
The orc priest is moderately wounded.
The orc priest mumbles some strange prayers to Beogh against you.
Pain shoots through your body!
The orc priest begins to cast a cantrip, but forgets the words!
You hit the orc priest but do no damage.
The orc priest is moderately wounded.
The orc priest hits you but does no damage.
You block the orc priest's attack.
You hit the orc priest but do no damage.
The orc priest is moderately wounded.
You block the orc priest's attack.
The orc priest mumbles some strange prayers to Beogh against you.
Beogh smites you!
* * * LOW HITPOINT WARNING * * *
The orc priest hits you with a +0 short sword.
* * * LOW HITPOINT WARNING * * *
You block the orc priest's attack.
You hit the orc priest.
The orc priest is severely wounded.
You block the orc priest's attack.
The orc priest hits you but does no damage.
You hit the orc priest but do no damage.
The orc priest is severely wounded.
The orc priest hits you but does no damage.
The orc priest barely misses you.
You hit the orc priest but do no damage.
The orc priest is severely wounded.
The orc priest mumbles some strange prayers to Beogh against you.
Beogh smites you!
You die...

##..## ######...#### ###..##
##..## #####....##* ##..#
#....#.....#* #..##
..######....##* #########..##
### ###....#* #...<.......# #
**#***##...#####...........##
#
*,...####....##.............#
#
*,...o...##o@.)#.............
#
**.........##o.).............
#
*..........###...........##.
## *#........##
###........##.. .##
#........# ##......#...# ..##
#........# ###...#..### ...#
##......## ###...## ...##
##.....# ##.## ....## #....##
#.#


You could see 2 orc priests.

Vanquished Creatures
  Sigmund (D:4)
  Menkaure (D:4)
  Blork the orc (D:4)
  A scorpion (D:2)
  A jelly (D:2)
  An iguana (D:4)
  An orc wizard (D:4)
  8 adders
  A shadow imp (D:2)
  An ooze (D:2)
  A worm (D:3)
  2 dart slugs
  3 leopard geckos
  5 orcs (D:4)
  10 bats
  2 giant cockroaches
  16 goblins
  9 hobgoblins
  5 jackals
  7 kobolds
  3 frilled lizards
  9 rats
89 creatures vanquished.

Vanquished Creatures (others)
  4 toadstools (D:1)
4 creatures vanquished.

Grand Total: 93 creatures vanquished

Notes
Turn   | Place    | Note
-------+----------+-------------------------------------------
     0 | D:1      | tboon the Gargoyle Fighter began the quest for the Orb.
     0 | D:1      | Reached XP level 1. HP: 14/14 MP: 1/1
   154 | D:1      | Reached XP level 2. HP: 15/19 MP: 2/2
   646 | D:1      | Reached XP level 3. HP: 23/23 MP: 3/3
  1048 | D:2      | Reached skill level 3 in Maces & Flails
  1048 | D:2      | Reached XP level 4. HP: 26/29 MP: 4/4
  1180 | D:2      | Found a transporter.
  1187 | D:2      | Found a transporter.
  1195 | D:2      | Found a white marble altar of Elyvilon.
  1196 | D:2      | Found a shimmering altar of Xom.
  1482 | D:2      | Found an opulent altar of Gozag.
  1767 | D:2      | Reached skill level 4 in Fighting
  1767 | D:2      | Reached skill level 4 in Armour
  1767 | D:2      | Reached skill level 4 in Shields
  1767 | D:2      | Reached XP level 5. HP: 33/33 MP: 5/5
  2357 | D:3      | Reached skill level 4 in Maces & Flails
  2686 | D:4      | Noticed Sigmund
  2796 | D:4      | Found a staircase to the Ecumenical Temple.
  2805 | Temple   | Entered the Ecumenical Temple
  3032 | D:4      | Reached XP level 6. HP: 38/38 MP: 6/6
  3088 | D:4      | Noticed Menkaure
  3092 | D:4      | Killed Menkaure
  3257 | D:4      | Noticed Blork the orc
  3265 | D:4      | Killed Blork the orc
  3470 | D:4      | Reached XP level 7. HP: 41/44 MP: 7/7
  3570 | D:4      | Killed Sigmund
  3570 | D:4      | Reached skill level 5 in Maces & Flails
  3570 | D:4      | Reached skill level 5 in Shields
  3708 | D:4      | Reached skill level 5 in Armour
  3738 | D:4      | Reached skill level 5 in Fighting
  3881 | D:4      | HP: 7/44 [orc priest/divine providence (12)]
  3881 | D:4      | HP: 3/44 [orc priest/+0 short sword (4)]
  3884 | D:4      | Killed from afar by an orc priest

Illustrated notes

Levels and vault maps discovered:
D:1:      ldierk_walled_garden_2, layout_loops_ring, kennysheep_doodads
D:2:      minmay_inner_zag, layout_basic, nicolae_overflow_crystal_walls,
          gammafunk_temple_overflow_arena, grunt_decor_arrowhead
D:3:      layout_loops_ring, minmay_goblin_kobold_house
D:4:      layout_cave_pods, minmay_temple_entry_drinking_statues, first_ration,
          uniq_blork_the_orc, uniq_sigmund, uniq_menkaure
Temple:   jpeg_temple_clearing

Skill      XL: |  1  2  3  4  5  6  7 |
---------------+----------------------+-----
Maces & Flails | 3 4 5 |  5.4
Fighting       | 4 5 |  5.0
Armour         | 4 5 |  5.0
Shields        | 4 5 |  5.1

Action                   |  1- 3 |  4- 6 |  7- 9 || total
-------------------------+-------+-------+-------++-------
Melee: Flail             |   106 |   224 |    68 ||   398
  Use: Scroll            |       |     4 |       ||     4
       Potion            |       |     1 |     1 ||     2
  Eat: Chunk             |     1 |     8 |     1 ||    10
Armor: Scale mail        |    54 |   129 |    42 ||   225
Dodge: Dodged            |    21 |    57 |     8 ||    86
Block: Kite shield       |    47 |   131 |    26 ||   204

Levels and vault maps discovered:
D:1:      ldierk_walled_garden_2, layout_loops_ring, kennysheep_doodads
D:2:      minmay_inner_zag, layout_basic, nicolae_overflow_crystal_walls,
          gammafunk_temple_overflow_arena, grunt_decor_arrowhead
D:3:      layout_loops_ring, minmay_goblin_kobold_house
D:4:      layout_cave_pods, minmay_temple_entry_drinking_statues, first_ration,
          uniq_blork_the_orc, uniq_sigmund, uniq_menkaure
Temple:   jpeg_temple_clearing

Table legend:
 A = Turns spent in this place as a percentage of turns spent in the entire game.
 B = Non-inter-level travel turns spent in this place as a percentage of non-inter-level travel turns spent in the entire game.
 C = Inter-level travel turns spent in this place as a percentage of turns spent in this place.
 D = Turns resting spent in this place as a percentage of non-inter-level travel turns spent in this place.
 E = Turns spent auto-exploring this place as a percentage of non-inter-level travel turns spent in this place.
 F = Non-inter-level travel turns spent in this place divided by the number of levels of this place that you've seen.
                   A       B       C       D       E      F
               +-------+-------+-------+-------+-------+----------------------
         Total | 100.0 | 100.0 |   6.4 |  14.9 |  50.7 | 727.2
       Dungeon |  97.2 |  97.5 |   6.1 |  15.3 |  49.5 | 886.2
        Temple |   2.8 |   2.5 |  16.5 |   0.0 |  97.8 |  91.0
               +-------+-------+-------+-------+-------+----------------------

Table legend:
 A = Kills in this place as a percentage of kills in entire the game.
 B = Kills by you in this place as a percentage of kills by you in the entire game.
 C = Kills by friends in this place as a percentage of kills by friends in the entire game.
 D = Other kills in this place as a percentage of other kills in the entire game.
 E = Experience gained in this place as a percentage of experience gained in the entire game.
 F = Experience gained in this place divided by the number of levels of this place that you have seen.
                   A       B       C       D       E      F
               +-------+-------+-------+-------+-------+----------------------
         Total | 100.0 | 100.0 |   N/A |   N/A | 100.0 | 189.0
       Dungeon | 100.0 | 100.0 |   N/A |   N/A | 100.0 | 236.2
               +-------+-------+-------+-------+-------+----------------------
